 Seeded DCSS version 0.31-a0-345-g1ebeae05c6 (webtiles) character file.

Game seed: 8188895640831202634 (custom seed)

1958 bmack86 the Cleaver (level 9, -1/70 HPs)
             Began as a Minotaur Fighter on July 23, 2023.
             Was a Believer of Okawaru.
             Slain by a gnoll bouda
             ... wielding a +0 club
              (8 damage)
             ... on level 6 of the Dungeon.
             The game lasted 00:11:17 (5105 turns).

bmack86 the Cleaver (Minotaur Fighter)              Turns: 5105, Time: 00:11:18

Health: -1/70      AC: 11    Str: 26    XL:     9   Next: 0%
Magic:  6/8        EV: 11    Int:  5    God:    Okawaru [**....]
Gold:   534        SH:  8    Dex:  9    Spells: 8/8 levels left

rFire   . . .        a - +0 war axe
rCold   . . .        f - +0 kite shield
rNeg    . . .        l - +0 plate armour
rPois   .            (helmet restricted)
rElec   .            (no cloak)
rCorr   .            (no gloves)
SInv    .            (no boots)
Will    .....        (no amulet) Stlth
                     h - +5 ring of evasion
HPRegen 0.31/turn    (no ring)
MPRegen 0.11/turn

%: no passive effects
@: mighty, weakened
A: horns 2, retaliatory headbutt
a: Renounce Religion, Heroism


You were on level 6 of the Dungeon.
You worshipped Okawaru.
Okawaru was pleased with you.
You visited 2 branches of the dungeon, and saw 7 of its levels.
You also visited: Ossuary.

You collected 534 gold pieces.

Inventory:

Hand Weapons
 a - a +0 war axe (weapon)
Missiles
 n - 2 javelins
 y - 2 throwing nets
Armour
 b - a +0 scale mail
 c - a +0 buckler
 f - a +0 kite shield (worn)
 l - a +0 plate armour (worn)
Jewellery
 h - a +5 ring of evasion (left hand)
Wands
 k - a wand of paralysis (24)
 v - a wand of mindburst (15)
Scrolls
 i - a scroll of noise {unknown}
 m - a scroll of silence {unknown}
 o - a scroll of vulnerability
 p - 2 scrolls of enchant weapon {unknown}
 t - a scroll of brand weapon {unknown}
 w - a scroll of enchant armour {unknown}
 x - a scroll of teleportation {unknown}
Potions
 e - 3 potions of lignification
 g - a potion of resistance {unknown}
 j - 6 potions of enlightenment
 q - 2 potions of curing
 r - 2 potions of haste {unknown}
 s - 2 potions of mutation {unknown}
 u - 3 potions of magic
 z - a potion of invisibility


   Skills:
 - Level 3.6 Fighting
 + Level 13.9 Axes
 - Level 3.6 Armour
 - Level 3.6 Shields


You had 8 spell levels left.
You didn't know any spells.
Your spell library contained the following spells:

 Spells                   Type           Power      Damage    Failure   Level
 Ensorcelled Hibernation  Hex/Ice        0%         N/A       100%        2
 Passwall                 Tmut/Erth      0%         N/A       100%        2
 Hailstorm                Conj/Ice       0%         3d3       100%        3
 Portal Projectile        Hex/Tloc       0%         N/A       100%        3
 Swiftness                Air            0%         N/A       100%        3
 Vhi's Electric Charge    Tloc/Air       0%         N/A       100%        3
 Leda's Liquefaction      Hex/Erth       0%         N/A       100%        4
 Arcjolt                  Conj/Air       0%         1d10      100%        5
 Maxwell's Capacitive Co  Air            0%         ∞         100%        8
 Call Canine Familiar     Summ           Unusable   N/A       N/A         3
 Summon Ice Beast         Ice/Summ       Unusable   N/A       N/A         4
 Simulacrum               Ice/Necr       Unusable   N/A       N/A         6

Dungeon Overview and Level Annotations

Branches:
Dungeon (6/15)             Temple (1/1) D:4         Ossuary (visited)

Altars:
Ashenzari
Cheibriados
Elyvilon
Gozag
Hepliaklqana
Kikubaaqudgha
Makhleb
Nemelex Xobeh
Okawaru
Qazlal
Ru
Sif Muna
Trog
Uskayaw
Vehumet
Wu Jian
Xom
Yredelemnul
Zin
The Shining One

Shops:
D:6 (

Annotations:
D:6 1 runed translucent door


Innate Abilities, Weirdness & Mutations

You have a pair of horns on your head.
You reflexively headbutt those who attack you in melee.


Message History

The gnoll bouda misses you. The gnoll hits you with a +0 spear.
* * * LOW HITPOINT WARNING * * *
The centaur closely misses you. x2
You slash the gnoll!
You kill the gnoll!
Okawaru accepts your kill.
You barely miss the centaur. You closely miss the gnoll bouda.
The gnoll bouda mumbles some strange prayers to its god.
The gnoll bouda is healed somewhat.
The gnoll hits you from afar with a +0 spear.
* * * LOW HITPOINT WARNING * * *
You block the centaur's attack. The centaur barely misses you.
You have reached level 9!
Your experience leads to an increase in your attributes!
Increase (S)trength, (I)ntelligence, or (D)exterity?
You feel stronger. x2
You feel better.
The centaur hits you but does no damage.
The centaur closely misses you.
The gnoll bouda hits you with a +0 club.
* * * LOW HITPOINT WARNING * * *
The gnoll hits you from afar with a +0 spear.
* * * LOW HITPOINT WARNING * * *
The centaur closely misses you. You furiously retaliate!
You headbutt the centaur!
The centaur kicks you but does no damage.
You feel better.
The gnoll hits you from afar with a +0 spear.
* * * LOW HITPOINT WARNING * * *
The gnoll bouda hits you but does no damage.
The centaur hits you but does no damage.
The centaur closely misses you.
You barely miss the centaur.
The centaur is heavily wounded.
You hit the gnoll bouda. You block the centaur's attack. x2
The gnoll barely misses you.
The gnoll bouda gazes fiercely through you!
You feel as though you will be weak longer.
The gnoll bouda hits you with a +0 club!
You die...

....# #.#+##
##'####....# #.#.# #.
#.........# #.#.# ...
#######....# #.#.##.#
......#....# #.#....###
...........# #..<......
.####.##...# #.........
..#.#.##...# #)).......
#.#.#.##...####g@c......
.÷.........+......).....
##....##...####.g.......
.......##### ##.........
######...## #..........
..........####.#........
...(....................
...........>.########...
..........#.## ~+..


You could see a centaur, a gnoll bouda and a gnoll (swift).

Vanquished Creatures
  Sigmund (D:2)
  2 water moccasins (D:6)
  2 ice beasts
  A sky beast (D:6)
  An ogre (D:5)
  A phantom (D:5)
  A kobold brigand (D:6)
  2 elf zombies (Ossuary)
  A bullfrog (D:6)
  2 scorpions (D:5)
  A sleepcap (D:5)
  Jessica (D:2)
  2 human zombies (Ossuary)
  Terence (D:3)
  5 iguanas
  3 orc wizards
  5 hound zombies (Ossuary)
  3 mummies (Ossuary)
  9 gnolls
  8 adders
  2 white imps
  2 ufetubi
  2 adder zombies (Ossuary)
  3 worms
  2 dart slugs
  9 orcs
  7 ball pythons
  5 bats
  12 endoplasms
  A giant cockroach (D:4)
  3 goblins
  6 hobgoblins
  4 jackals (D:5)
  12 kobolds
  3 quokkas
  3 frilled lizards
  A gnoll zombie (Ossuary)
  3 goblin zombies (Ossuary)
  A hobgoblin zombie (Ossuary)
  A jackal zombie (Ossuary)
  4 kobold zombies (Ossuary)
  3 orc zombies (Ossuary)
  5 quokka zombies (Ossuary)
  4 rats
  4 rat zombies (Ossuary)
154 creatures vanquished.

Notes
Turn   | Place    | Note
-------+----------+-------------------------------------------
     0 | D:1      | bmack86 the Minotaur Fighter began the quest for the Orb.
     0 | D:1      | Reached XP level 1. HP: 19/19 MP: 0/0
    50 | D:1      | Reached skill level 3 in Axes
   111 | D:1      | Reached XP level 2. HP: 26/26 MP: 1/1
   569 | D:1      | Reached skill level 4 in Axes
   913 | D:2      | Reached XP level 3. HP: 28/31 MP: 2/2
  1095 | D:2      | Noticed Jessica
  1101 | D:2      | Killed Jessica
  1102 | D:2      | Reached skill level 5 in Axes
  1368 | D:2      | Found a white marble altar of Elyvilon.
  1403 | D:2      | Noticed Sigmund
  1413 | D:2      | Killed Sigmund
  1414 | D:2      | Reached skill level 7 in Axes
  1414 | D:2      | Reached XP level 4. HP: 32/39 MP: 3/3
  1414 | D:2      | Reached XP level 5. HP: 37/45 MP: 4/4
  1568 | D:3      | Noticed Terence
  1578 | D:3      | Killed Terence
  1688 | D:3      | Reached XP level 6. HP: 48/51 MP: 5/5
  1989 | D:3      | Found a faded altar of an unknown god.
  2289 | D:4      | Reached skill level 8 in Axes
  2388 | D:4      | Found a staircase to the Ecumenical Temple.
  2397 | Temple   | Entered the Ecumenical Temple
  2413 | Temple   | Became a worshipper of Warmaster Okawaru
  2976 | D:4      | Found a sacrificial altar of Ru.
  2976 | D:4      | Found a radiant altar of Vehumet.
  3223 | D:5      | Entered Level 5 of the Dungeon
  3279 | D:5      | Found a sand-covered staircase.
  3294 | Ossuary  | Entered an ossuary
  3348 | Ossuary  | Reached skill level 9 in Axes
  3392 | Ossuary  | Reached XP level 7. HP: 57/57 MP: 6/6
  3579 | Ossuary  | Reached * piety under Okawaru
  3591 | Ossuary  | Reached skill level 10 in Axes
  4020 | D:5      | Identified the +12 long sword of the King {vamp, rElec rC-
                  | Int+2}
  4050 | D:5      | Reached skill level 11 in Axes
  4103 | D:5      | Reached XP level 8. HP: 64/64 MP: 7/7
  4475 | D:5      | Reached ** piety under Okawaru
  4476 | D:5      | Reached skill level 12 in Axes
  4750 | D:6      | Reached skill level 13 in Axes
  4769 | D:6      | Found Cuaf Bes's Weapon Shop.
  4912 | D:6      | Found a burning altar of Makhleb.
  5091 | D:6      | Found a runed translucent door.
  5102 | D:6      | HP: 3/64 [gnoll/+0 spear[a gnoll bouda] (6)]
  5103 | D:6      | Reached XP level 9. HP: 3/70 MP: 6/8
  5105 | D:6      | Slain by a gnoll bouda

Illustrated notes

Levels and vault maps discovered:
D:1:      lightli_arrival_statue_moat, layout_basic
D:2:      layout_loops_corners, basic_altar, uniq_sigmund, uniq_jessica
D:3:      layout_loops_ring, hellmonk_ecumenical_altar_run_dry,
          kennysheep_generic_room_16, uniq_terence
D:4:      layout_loops_corners, nicolae_overflow_two_pavilions, temple_fountains
D:5:      layout_loops_ring, nicolae_ossuary_entry_monument,
          kennysheep_small_spiral
D:6:      layout_basic, mainiacjoe_overflow_24_doors, serial_shops, shop,
          ebering_ghost_sewer_d, uniq_edmund
Temple:   regret_index_temple_sphere_string

Skill      XL: |  1  2  3  4  5  6  7  8 |
---------------+-------------------------+-----
Axes           | 3 4 7 9 11 13 | 13.9
Fighting       | |  3.6
Armour         | |  3.6
Shields        | |  3.6

Action                     |  1- 3 |  4- 6 |  7- 9 || total
---------------------------+-------+-------+-------++-------
  Melee: War axe           |    54 |   120 |   200 ||   374
         Headbutt          |     7 |    16 |    31 ||    54
    Use: Scroll            |       |     3 |     3 ||     6
         Potion            |       |       |     3 ||     3
 Armour: Scale mail        |    17 |       |       ||    17
         Plate armour      |     8 |    48 |    66 ||   122
  Dodge: Dodged            |    12 |    47 |    73 ||   132
  Block: Buckler           |     1 |       |       ||     1
         Kite shield       |    20 |    66 |    63 ||   149

Table legend: (Time is in decaauts)
 A = Elapsed time spent in this place.
 B = Non-inter-level travel time spent in this place.
 C = Inter-level travel time spent in this place.
 D = Time resting spent in this place.
 E = Time spent auto-exploring this place.
 F = Levels seen in this place.
 G = Mean time per level.
                   A        B        C        D        E       F      G
               +--------+--------+--------+--------+--------+-----+--------+
         Total |   5161 |   5031 |    130 |      0 |   3754 |   8 |  645.1 |
       Dungeon |   4803 |   4697 |    106 |      0 |   3681 |   6 |  800.5 |
        Temple |     30 |      6 |     24 |      0 |      0 |   1 |   30.0 |
       Ossuary |    328 |    328 |      0 |      0 |     73 |   1 |  328.0 |
               +--------+--------+--------+--------+--------+-----+--------+

Top non-repeatable levels by time:
     D:5: 1018 daAuts
     D:4: 959 daAuts
     D:2: 912 daAuts
     D:3: 710 daAuts
     D:1: 647 daAuts
     D:6: 555 daAuts
 Ossuary: 328 daAuts
  Temple: 30 daAuts
